 Dungeon Crawl Stone Soup version bcrawl-1.24.2 (webtiles) character file.

Game seed: 3985600586961205531

399 Freyura the Skirmisher (level 6, -1/40 HPs)
             Began as a Gargoyle Fighter on June 21, 2020.
             Was a Believer of Elyvilon.
             Slain by an orc warrior
             ... wielding a +0 glaive
              (7 damage)
             ... on level 5 of the Dungeon.
             The game lasted 00:11:37 (3181 turns).

Freyura the Skirmisher (Gargoyle Fighter)           Turns: 3181, Time: 00:11:38

Health: -1/40      AC: 14    Str: 30      XL:     6   Next: 84%
Magic:  7/7        EV:  7    Int:  9      God:    Elyvilon [**....]
Gold:   188        SH:  9    Dex:  3 (8)  Spells: 5/5 levels left

rFire    . . .     SeeInvis .   a - +0 flail
rCold    . . .     Gourm    .   c - +0 medium shield
rNeg     + . .     Faith    +   H - +1 ring mail of Omission {-Cast rCorr Str+7}
rPois    ∞         Spirit   .   (no helmet)
rElec    +         Reflect  .   (no cloak)
rCorr    +         Harm     .   l - +1 pair of gloves
MR       .....     NoCast   +   k - +0 pair of boots
Stlth    ..........             z - amulet of faith
HPRegen  0.13/turn              E - -3 ring of dexterity (curse)
MPRegen  0.10/turn              t - +4 ring of strength

@: no status effects
A: negative energy resistance 1, electricity resistance, unbreathing,
petrification resistance, rot immunity, AC +4
a: Lesser Healing, Heal Other, Divine Protection, Renounce Religion


You were on level 5 of the Dungeon.
You worshipped Elyvilon.
Elyvilon was pleased with you.
You were not hungry.

You visited 1 branch of the dungeon, and saw 5 of its levels.

You collected 188 gold pieces.

Inventory:

Hand Weapons
 a - a +0 flail (weapon)
Armour
 b - a +0 scale mail
 c - a +0 medium shield (worn)
 j - a +0 large shield
 k - a +0 pair of boots (worn)
 l - a +1 pair of gloves (worn)
 w - a +2 chain mail of fire resistance
 H - the +1 ring mail of Omission (worn) {-Cast rCorr Str+7}
   (You found it on level 5 of the Dungeon)

   It affects your strength (+7).
   It prevents spellcasting.
   It provides partial protection from all sources of acid and corrosion.
Jewellery
 n - an uncursed amulet of rage
 r - a +5 ring of intelligence
 t - a +4 ring of strength (right hand)
 x - an uncursed ring of stealth
 y - an uncursed amulet of the gourmand
 z - an amulet of faith (around neck)
 D - an uncursed amulet of magic regeneration {unknown}
 E - a cursed -3 ring of dexterity (left hand)
Wands
 p - a wand of enslavement (5)
Scrolls
 g - a scroll of enchant armour
 i - 5 scrolls of remove curse
 m - 3 scrolls of teleportation {unknown}
 s - a scroll of fear
 A - 2 scrolls of identify
 C - a scroll of enchant weapon {unknown}
 F - a scroll of fog
Potions
 f - a potion of brilliance {unknown}
 h - 5 potions of heal wounds
 o - a potion of magic {unknown}
 q - a potion of haste {unknown}
 u - a potion of curing {unknown}
 v - a potion of invisibility {unknown}
 B - a potion of degeneration {unknown}
Comestibles
 e - 10 rations {!d}


   Skills:
 * Level 4.9 Fighting
 * Level 3.8 Maces & Flails
 + Level 4.1 Armour
 + Level 1.4 Dodging
 + Level 4.2 Shields
 + Level 1.7 Invocations
 + Level 1.4 Evocations


You had 5 spell levels left.
You didn't know any spells.
Your spell library contained the following spells:

 Spells                   Type           Power        Failure   Level  Hunger
 Corona                   Hex            #......      100%        1    ##.....
 Ensorcelled Hibernation  Hex/Ice        #.....       100%        2    ###....
 Confuse                  Hex            #.......     100%        3    ####...
 Dazzling Orbs            Conj/Hex       #......      100%        3    ####...
 Tukima's Dance           Hex            #.......     100%        3    ####...


Dungeon Overview and Level Annotations

Branches:
Dungeon (5/12)
 Temple: D:4-7

Altars:
Cheibriados
Dithmenos
Elyvilon
Gozag
Hepliaklqana
Lugonu
Nemelex Xobeh
Qazlal
Yredelemnul

Shops:
D:5 =[!

Annotations:
D:5 Eustachio


Innate Abilities, Weirdness & Mutations

You are resistant to torment.
Your stone body is resilient. (AC +4)
You are immune to poison.
You resist negative energy. (rN+)
You are resistant to electric shocks. (rElec)
You can survive without breathing.
You are immune to petrification.
You are immune to rotting.


Message History

You closely miss the quokka.
The quokka is severely wounded.
You block the quokka's attack.
An orc warrior comes into view. It is wielding a +0 glaive.
You block the quokka's attack.
Your shield prevents you from hitting the quokka.
The quokka is severely wounded.
The orc warrior shouts!
You hear a shout! x2
The quokka bites you but does no damage.
The orc warrior hits you from afar with a +0 glaive.
You closely miss the quokka.
The quokka is severely wounded.
The quokka twitches its whiskers.
The quokka bites you but does no damage.
Eustachio brags, "I can call spirits from the vasty deep."
You block the quokka's attack.
The orc warrior hits you from afar with a +0 glaive!
* * * LOW HITPOINT WARNING * * *
The orc warrior hits you with a +0 glaive!
You die...

#......#
#......#
#......#
#.....)#
#......#
#......#
#...#'##
#####)#####
#.@rbrb@..#
#.o#######..#
#_..## ._
###. ##


You could see Eustachio, an orc warrior, a river rat, a quokka and 2 bats.

Vanquished Creatures
  A quasit (D:5)
  A bullfrog skeleton (D:3)
  2 orc priests (D:5)
  An orc wizard (D:5)
  A centaur skeleton (D:5)
  Terence (D:3)
  2 worker ants
  5 adders
  A shadow imp (D:5)
  An ooze (D:2)
  2 adder skeletons (D:4)
  2 worms
  2 dart slugs
  4 leopard geckos
  12 orcs
  3 giant cockroaches
  4 goblins
  5 hobgoblins
  3 quokkas
  2 bats (D:2)
  A frilled lizard (D:3)
  9 kobolds
  10 rats (D:1)
75 creatures vanquished.

Notes
Turn   | Place    | Note
-------+----------+-------------------------------------------
     0 | D:1      | Freyura the Gargoyle Fighter began the quest for the Orb.
     0 | D:1      | Reached XP level 1. HP: 14/14 MP: 1/1
   173 | D:1      | Reached XP level 2. HP: 19/19 MP: 2/2
   738 | D:2      | Reached XP level 3. HP: 23/24 MP: 3/3
   997 | D:2      | Found a white marble altar of Elyvilon.
   998 | D:2      | Found a snail-covered altar of Cheibriados.
  1000 | D:2      | Found a stormy altar of Qazlal.
  1002 | D:2      | Found an opulent altar of Gozag.
  1002 | D:2      | Found a basalt altar of Yredelemnul.
  1030 | D:2      | Became a worshipper of Elyvilon the Healer
  1184 | D:3      | Found a corrupted altar of Lugonu.
  1281 | D:3      | Reached XP level 4. HP: 26/29 MP: 4/4
  1417 | D:3      | Reached XP level 5. HP: 31/33 MP: 5/5
  1501 | D:3      | Reached * piety under Elyvilon
  1558 | D:3      | Noticed Terence
  1569 | D:3      | Killed Terence
  1569 | D:3      | Reached skill level 1 in Invocations
  1618 | D:3      | Reached skill level 1 in Dodging
  2024 | D:4      | Found a shadowy altar of Dithmenos.
  2029 | D:4      | Found a sparkling altar of Nemelex Xobeh.
  2136 | D:4      | Reached skill level 1 in Evocations
  2336 | D:4      | Reached ** piety under Elyvilon
  2690 | D:5      | Entered Level 5 of the Dungeon
  2693 | D:5      | Found Suleluemn's Antique Armour Boutique.
  2700 | D:5      | Found Ysmisoah's Jewellery Shoppe.
  2797 | D:5      | Reached XP level 6. HP: 34/39 MP: 6/6
  2819 | D:5      | Found Puikhea's Distillery.
  2837 | D:5      | Got a spiked ring mail
  2848 | D:5      | Identified the +1 ring mail of Omission {-Cast rCorr Str+7}
                  | (You found it on level 5 of the Dungeon)
  3123 | D:5      | Found a hazy altar of Hepliaklqana.
  3123 | D:5      | Found a faded altar of an unknown god.
  3123 | D:5      | Noticed Eustachio
  3178 | D:5      | Noticed an orc warrior
  3181 | D:5      | Slain by an orc warrior

Skill      XL: |  1  2  3  4  5  6 |
---------------+-------------------+-----
Fighting       | 4 |  4.9
Maces & Flails | 3 |  3.8
Invocations    | 1 |  1.7
Dodging        | 1 |  1.4
Evocations     | 1 |  1.4
Shields        | 4 |  4.2
Armour         | 4 |  4.1

Action                   |  1- 3 |  4- 6 || total
-------------------------+-------+-------++-------
Melee: Flail             |   164 |   279 ||   443
  Use: Scroll            |       |     7 ||     7
       Potion            |       |     1 ||     1
  Eat: Chunk             |     2 |     3 ||     5
       Ration            |       |     1 ||     1
Armor: Scale mail        |    92 |    11 ||   103
       Chain mail        |       |    69 ||    69
       Ring mail         |       |   275 ||   275
Dodge: Dodged            |    37 |   142 ||   179
Block: Medium shield     |    86 |   259 ||   345
